 Dungeon Crawl Stone Soup version 0.27.0-1-g7a089689b8 (webtiles) character file.

Game seed: 14575248260729863102

76585 inmateoo the Sharpshooter (level 16, -5/136 HPs)
             Began as a Formicid Hunter on Aug 10, 2021.
             Was a High Priest of Okawaru.
             Collided with a rock wall (16 damage)
             ... caused by a wretched star
             ... on level 2 of the Abyss on Aug 12, 2021.
             The game lasted 00:47:00 (26880 turns).

inmateoo the Sharpshooter (Formicid Hunter)        Turns: 26880, Time: 00:47:01

Health: -5/136     AC: 11    Str: 24    XL:     16   Next: 2%
Magic:  8/22       EV: 15    Int: 12    God:    Okawaru [*****.]
Gold:   937        SH:  5    Dex:  9    Spells: 22/23 levels left

rFire    + + +     SeeInvis +   u - +2 hand axe "Neen" {vorpal, rF++ Dex-3 SInv}
rCold    + + .     Faith    .   p - +0 buckler
rNeg     + . .     Spirit   .   z - +0 troll leather armour
rPois    +         Reflect  .   (helmet unavailable)
rElec    +         Harm     .   M - scarf {rC+ rF+}
rCorr    +         Rampage  .   r - +1 pair of gloves
Will     +....                  e - +0 pair of boots
Stlth    +++.......             P - amulet of magic regeneration
HPRegen  0.00/turn              t - +6 ring of strength
MPRegen  0.43/turn              R - ring of positive energy

@: resistant, heroic, inhibited regen
A: permanent stasis, dig shafts and tunnels, antennae 3, four strong arms,
[clumsy 2], [screaming 2], [inhibited regeneration]
a: Dig, Shaft Self, Renounce Religion, Heroism, Finesse


You were on level 2 of the Abyss.
You worshipped Okawaru.
Okawaru was extremely pleased with you.
You visited 2 branches of the dungeon, and saw 20 of its levels.
You visited the Abyss 2 times.

You collected 1648 gold pieces.
You spent 711 gold pieces at shops.

Inventory:

Hand Weapons
 a - a +2 hand crossbow
 s - a +0 arbalest
 u - the +2 hand axe "Neen" (weapon) {vorpal, rF++ Dex-3 SInv}
   (You found it on level 6 of the Dungeon)

   It inflicts extra damage upon your enemies.
   Dex:       It affects your dexterity (-3).
   rF:        It greatly protects you from fire.
   SInv:      It lets you see invisible.
Missiles
 k - 29 bolts
 m - a throwing net (quivered)
Armour
 d - a +2 plate armour of willpower
 e - a +0 pair of boots (worn)
 p - a +0 buckler (worn)
 r - a +1 pair of gloves (worn)
 z - a +0 troll leather armour (worn)
 M - a scarf of resistance (worn)
Jewellery
 q - a ring of fire
 t - a +6 ring of strength (left hand)
 E - a ring of ice
 J - an amulet of guardian spirit
 P - an amulet of magic regeneration (around neck)
 R - a ring of positive energy (right hand)
Wands
 c - a wand of iceblast (47)
 l - a wand of polymorph (10)
 x - a wand of charming (26)
 F - a wand of digging (15)
 H - a wand of flame (55)
 I - a wand of paralysis (5)
Scrolls
 b - 5 scrolls of magic mapping
 i - 3 scrolls of fog
 n - 5 scrolls of amnesia
 v - a scroll of vulnerability
 w - 3 scrolls of enchant weapon
 y - a scroll of enchant armour
 L - a scroll of holy word
Potions
 f - 3 potions of brilliance
 g - 9 potions of curing
 h - 4 potions of flight
 j - 2 potions of lignification
 o - 3 potions of ambrosia
 A - 2 potions of magic
 C - a potion of attraction
 O - a potion of invisibility
 S - a potion of mutation
Miscellaneous
 B - a phantom mirror (inert)
 G - a phial of floods (inert)


   Skills:
 - Level 15.0(20.0) Fighting
 - Level 4.0(9.0) Axes
 + Level 17.5(22.5) Crossbows
 - Level 10.0(15.0) Armour
 - Level 7.0(12.0) Dodging
 - Level 1.2(6.2) Stealth
 - Level 4.0(9.0) Shields
 - Level 4.0 Spellcasting
 - Level 8.0 Invocations


You had 22 spell levels left.
You knew the following spells:

 Your Spells              Type           Power      Damage    Failure   Level
a - Apportation           Tloc           4%         N/A       24%         1

Your spell library contained the following spells:

 Spells                   Type           Power      Damage    Failure   Level
 Animate Skeleton         Necr           4%         N/A       24%         1
 Corona                   Hex            2%         N/A       24%         1
 Freeze                   Ice            8%         1d3       24%         1
 Sting                    Tmut/Pois      8%         1d3       24%         1
 Summon Small Mammal      Summ           8%         N/A       24%         1
 Poisonous Vapours        Pois/Air       4%         N/A       34%         2
 Slow                     Hex            2%         N/A       34%         2
 Static Discharge         Conj/Air       2%         N/A       34%         2
 Call Canine Familiar     Summ           2%         N/A       56%         3
 Confusing Touch          Hex            2%         N/A       56%         3
 Frozen Ramparts          Ice            4%         1d2       56%         3
 Gell's Gravitas          Tloc           1%         N/A       56%         3
 Ignite Poison            Fire/Tmut/Pois 2%         N/A       56%         3
 Lesser Beckoning         Tloc           1%         N/A       56%         3
 Mephitic Cloud           Conj/Pois/Air  2%         N/A       56%         3
 Ozocubu's Armour         Ice            2%         N/A       56%         3
 Portal Projectile        Hex/Tloc       4%         N/A       56%         3
 Stone Arrow              Conj/Erth      4%         3d7       56%         3
 Teleport Other           Tloc           2%         N/A       56%         3
 Animate Armour           Summ/Erth      4%         N/A       93%         4
 Hailstorm                Conj/Ice       2%         3d3       93%         4
 Leda's Liquefaction      Hex/Erth       1%         N/A       93%         4
 Olgreb's Toxic Radiance  Pois           2%         N/A       93%         4
 Summon Ice Beast         Ice/Summ       2%         N/A       93%         4
 Blade Hands              Tmut           1%         N/A       100%        5
 Bolt of Magma            Conj/Fire/Erth 1%         4d4       100%        5
 Irradiate                Conj/Tmut      1%         3d14      100%        5
 Lightning Bolt           Conj/Air       1%         1d12      100%        5
 Metabolic Englaciation   Hex/Ice        1%         N/A       100%        5
 Yara's Violent Unravell  Hex/Tmut       1%         3d3       100%        5
 Conjure Ball Lightning   Conj/Air       1%         3x3d6     100%        6
 Dispersal                Tloc           1%         N/A       100%        6
 Iron Shot                Conj/Erth      1%         9d1       100%        6
 Simulacrum               Ice/Necr       1%         N/A       100%        6
 Borgnjor's Revivificati  Necr           1%         N/A       100%        8
 Discord                  Hex            1%         N/A       100%        8
 Disjunction              Tloc           1%         N/A       100%        8
 Lehudib's Crystal Spear  Conj/Erth      1%         10d2      100%        8
 Maxwell's Capacitive Co  Air            1%         ∞         100%        8
 Necromutation            Tmut/Necr      1%         N/A       100%        8
 Death's Door             Necr           1%         N/A       100%        9


Dungeon Overview and Level Annotations

Branches:
Dungeon (14/15)            Temple (0/1) D:7            Lair (6/6) D:9
  Swamp (0/4) Lair:3        Snake (0/4) Lair:3        Slime (0/5) Lair:6
    Orc (0/2) D:9
 Vaults: D:13-14

Altars:
Ashenzari
Fedhas
Hepliaklqana
Kikubaaqudgha
Nemelex Xobeh
Okawaru
Qazlal
Ru
Sif Muna
Uskayaw
Wu Jian
Yredelemnul
The Shining One

Shops:
D:10 *   D:13 !   D:14 [

Annotations:
D:3 2 runed translucent doors, MoonlitKnight's ghost, amateur MfGl
D:6 3 runed translucent doors, Bombadill's ghost, novice PaNe
D:7 2 runed translucent doors, windycow's ghost, novice GnFE
D:8 1 exclusion
D:13 exclusion: sensed monster (detected), Kirke
D:14 exclusion: 4 doors
Lair:6 3 runed translucent doors, inmateoo's ghost, journeyman DrNe


Innate Abilities, Weirdness & Mutations

You cannot be hasted, slowed, berserked, paralysed or teleported.
You can dig through walls and to a lower floor.
You have a pair of large antennae on your head. (SInv)
Your four strong arms can wield two-handed weapons with a shield.
[You are very clumsy. (Dex -4)]
[You frequently scream uncontrollably at your foes.]
[You do not regenerate when monsters are visible.]


Message History

The wretched star glows turbulently.
The lance of force misses you.
You slash the large abomination!
The large abomination is severely damaged.
You hit the wretched star but do no damage.
You hit the large abomination but do no damage.
The large abomination is severely damaged.
You hit the wretched star but do no damage.
The large abomination hits you!
* * * LOW HITPOINT WARNING * * *
You hit the large abomination but do no damage.
The large abomination is severely damaged.
You hit the wretched star. You slash the large abomination!
The large abomination is almost destroyed.
You closely miss the wretched star. You slash the large abomination!
The large abomination is almost destroyed.
You slash the wretched star! The large abomination misses you.
You hit the large abomination but do no damage.
The large abomination is almost destroyed.
You hit the wretched star but do no damage.
You hit the large abomination but do no damage.
The large abomination is almost destroyed.
You hit the wretched star but do no damage.
You hit the large abomination.
You destroy the large abomination!
Okawaru accepts your kill.
You hit the wretched star but do no damage.
You feel better.
A small abomination comes into view.
You feel better. You block the raiju's attack.
You feel better.
Your hands slow down.
The wretched star glows turbulently.
The lance of force hits you!!
* * * LOW HITPOINT WARNING * * *
You are knocked back by the lance of force.
You slam into the rock wall!
You die...

#. #. ..#. ... #
####..##.# . ##
. . # # . # .#
.. .. .# ...# #
# #... ###.# .
.. .
.....##.#.##..
##.#.# ..
#....h@#
...###.##.#
##...*....### ≈
#. #..........#
≈ ≈≈ ≈≈#
##...#....#..≈♣≈
≈#
##.......##.#..
≈≈≈ ##.....x.
##. # # #####.#.
#..#. .##


You could see a wretched star, a raiju and a small abomination.

Vanquished Creatures
  A lorocyproca (Abyss:2)
  Josephine (Lair:5)
  9 hydras
  A boulder beetle (D:12)
  A centaur warrior (D:13)
  4 two-headed ogres
  8 death yaks
  A thrashing horror (Abyss:2)
  A fire crab (Lair:6)
  A goliath frog (Lair:6)
  A wizard (D:12)
  A necromancer (Lair:3)
  2 deep elf pyromancers
  A lindwurm (Lair:6)
  4 oklob plants
  A worldbinder (Abyss:2)
  2 manticores
  6 cyclopes
  20 elephants
  An elephant (shapeshifter) (D:14)
  7 black mambas
  Maggie (Lair:2)
  3 gargoyles
  18 cane toads
  A smoke demon (Abyss:2)
  2 unseen horrors
  4 rime drakes
  6 komodo dragons
  A polar bear (Lair:6)
  A meliai (D:14)
  4 tyrant leeches
  2 trolls
  Grinder (D:3)
  3 slime creatures (D:14)
  A dream sheep (Lair:6)
  18 blink frogs
  6 wraiths
  3 wyverns
  3 shadows
  60 yaks
  A hog (D:13)
  4 basilisks
  A ynoxinul (Abyss:2)
  A large abomination (Abyss:2)
  10 vampire mosquitoes
  2 steam dragons
  2 nagas (Lair:3)
  A swamp worm (Lair:3)
  An acid dragon (D:11)
  10 water moccasins
  3 ice beasts
  2 sky beasts
  3 orc warriors
  3 elephant zombies (Lair:3)
  13 wolves
  9 centaurs
  2 phantoms
  2 kobold brigands
  18 bullfrogs
  3 gnoll sergeants
  3 scorpions (D:6)
  A wyvern skeleton (D:7)
  37 killer bees
  4 howler monkeys
  2 wights
  4 electric eels
  3 centaur zombies
  6 hounds
  2 jellies (D:8)
  6 orc priests
  4 centaur skeletons
  Terence (D:3)
  2 iguanas
  11 orc wizards
  A hound zombie (D:5)
  2 hound skeletons
  A mummy (D:8)
  A howler monkey zombie (D:8)
  10 gnolls
  6 adders
  2 white imps
  2 ufetubi
  3 worms
  4 dart slugs
  24 orcs
  5 endoplasms
  6 giant cockroaches
  6 goblins
  10 hobgoblins
  15 jackals
  4 quokkas
  7 ball pythons
  4 bats
  4 frilled lizards
  A hobgoblin zombie (D:8)
  18 kobolds
  2 kobold zombies (D:8)
  An orc zombie (D:8)
  13 rats
  A butterfly (Lair:2)
542 creatures vanquished.

Vanquished Creatures (collateral kills)
  A hydra (Lair:1)
  An orc knight (D:12)
  A black mamba (Lair:5)
  A cane toad (Lair:5)
  A tyrant leech (Lair:6)
  A blink frog (Lair:6)
  2 orc warriors (D:12)
  A killer bee (Lair:1)
  An orc (D:12)
10 creatures vanquished.

Vanquished Creatures (others)
  A cane toad (Lair:6)
  A komodo dragon zombie (Lair:3)
  A basilisk zombie (Lair:3)
  An orc wizard (D:12)
  A bush (Lair:3)
  41 fungi
  124 plants
170 creatures vanquished.

Grand Total: 722 creatures vanquished

Notes
Turn   | Place    | Note
-------+----------+-------------------------------------------
     0 | D:1      | inmateoo the Formicid Hunter began the quest for the Orb.
     0 | D:1      | Reached XP level 1. HP: 16/16 MP: 1/1
   114 | D:1      | Reached XP level 2. HP: 23/23 MP: 2/2
   123 | D:1      | Reached skill level 1 in Armour
   158 | D:1      | Reached XP level 3. HP: 28/28 MP: 3/3
   499 | D:1      | Reached XP level 4. HP: 22/35 MP: 4/4
  1907 | D:2      | Found a faded altar of an unknown god.
  2363 | D:2      | Reached XP level 5. HP: 19/41 MP: 5/5
  2566 | D:3      | Found a runed translucent door.
  2574 | D:3      | Noticed MoonlitKnight's ghost (amateur MfGl)
  2601 | D:3      | Found a runed translucent door.
  2668 | D:3      | Noticed Terence
  2999 | D:3      | Noticed Grinder
  3015 | D:3      | HP: 2/41 [Grinder (5)]
  3016 | D:3      | Killed Grinder
  3017 | D:3      | Reached skill level 5 in Crossbows
  3017 | D:3      | Reached XP level 6. HP: 3/49 MP: 6/6
  3370 | D:3      | Found a hazy altar of Hepliaklqana.
  3469 | D:3      | Killed Terence
  3950 | D:4      | Reached XP level 7. HP: 29/55 MP: 7/7
  4148 | D:4      | Reached skill level 6 in Crossbows
  4212 | D:4      | Reached skill level 5 in Fighting
  5196 | D:5      | Entered Level 5 of the Dungeon
  5290 | D:5      | Noticed a yak
  5290 | D:5      | Noticed a yak
  5334 | D:5      | Killed a yak
  5335 | D:5      | Reached skill level 7 in Crossbows
  5335 | D:5      | Reached skill level 1 in Shields
  5335 | D:5      | Reached XP level 8. HP: 22/62 MP: 8/8
  5704 | D:5      | Noticed a yak
  5704 | D:5      | Noticed a yak
  5705 | D:5      | Noticed a yak
  5705 | D:5      | Noticed a yak
  5715 | D:5      | Killed a yak
  5715 | D:5      | Killed a yak
  5716 | D:5      | Killed a yak
  5718 | D:5      | Killed a yak
  5719 | D:5      | Killed a yak
  5720 | D:5      | Reached skill level 5 in Armour
  5720 | D:5      | Reached XP level 9. HP: 68/71 MP: 9/9
  5779 | D:5      | Reached skill level 8 in Crossbows
  5947 | D:5      | Found a sparkling altar of Nemelex Xobeh.
  5960 | D:5      | Found an ancient bone altar of Kikubaaqudgha.
  6141 | D:5      | Found an ornate altar of the Wu Jian Council.
  6460 | D:6      | Identified the +2 hand axe "Neen" {vorpal, rF++ Dex-3 SInv}
  6576 | D:6      | Reached skill level 9 in Crossbows
  6763 | D:6      | Found a runed translucent gate.
  6763 | D:6      | Found a runed translucent gate.
  6763 | D:6      | Found a runed translucent gate.
  6765 | D:6      | Noticed Bombadill's ghost (novice PaNe)
  6926 | D:6      | Found an iron altar of Okawaru.
  6935 | D:6      | Became a worshipper of Warmaster Okawaru
  7202 | D:7      | Reached skill level 1 in Invocations
  7244 | D:7      | Noticed a two-headed ogre
  7255 | D:7      | Killed a two-headed ogre
  7255 | D:7      | Reached * piety under Okawaru
  7256 | D:7      | Reached skill level 10 in Crossbows
  7256 | D:7      | Reached XP level 10. HP: 15/80 MP: 9/12
  7550 | D:7      | Found a basalt altar of Yredelemnul.
  7602 | D:7      | Reached ** piety under Okawaru
  7805 | D:7      | Found a staircase to the Ecumenical Temple.
  7934 | D:7      | Found a large runed translucent door.
  7934 | D:7      | Found a large runed translucent door.
  7935 | D:7      | Noticed windycow's ghost (novice GnFE)
  8422 | D:7      | Reached skill level 12 in Crossbows
  8422 | D:7      | Reached XP level 11. HP: 93/93 MP: 14/14
  8614 | D:8      | Found a shimmering blue altar of Sif Muna.
  8997 | D:8      | Reached skill level 5 in Invocations
  9099 | D:8      | Noticed a two-headed ogre
  9111 | D:8      | Killed a two-headed ogre
  9321 | D:8      | Reached skill level 13 in Crossbows
  9361 | D:8      | Reached *** piety under Okawaru
  9433 | D:8      | Found a blossoming altar of Fedhas.
  9434 | D:8      | Found a stormy altar of Qazlal.
  9434 | D:8      | Found a broken altar of Ashenzari.
  9434 | D:8      | Found a hide-covered altar of Uskayaw.
 10397 | D:9      | Found a blossoming altar of Fedhas.
 10689 | D:9      | Found a staircase to the Lair.
 10841 | D:9      | Found a staircase to the Orcish Mines.
 10955 | D:9      | Found a glowing golden altar of the Shining One.
 11195 | D:10     | Entered Level 10 of the Dungeon
 11195 | D:10     | Noticed a two-headed ogre
 11225 | D:10     | Reached **** piety under Okawaru
 11228 | D:10     | Reached XP level 12. HP: 100/100 MP: 15/15
 11310 | D:10     | Reached skill level 14 in Crossbows
 11346 | D:10     | Found Iczeonot's General Store.
 11351 | D:10     | Bought a scroll of summoning for 133 gold pieces
 11739 | D:10     | Killed a two-headed ogre
 11740 | D:10     | Reached skill level 1 in Axes
 11880 | D:10     | Learned a level 1 spell: Apportation
 12061 | D:11     | Noticed a four-headed hydra
 12078 | D:11     | Killed a four-headed hydra
 12296 | D:11     | Noticed a two-headed ogre
 12303 | D:11     | Killed a two-headed ogre
 12492 | D:11     | Received a gift from Okawaru
 12638 | D:11     | Reached ***** piety under Okawaru
 13005 | D:11     | Received a gift from Okawaru
 13438 | D:12     | Cast into level 2 of the Abyss (a wizard)
 13488 | Abyss:2  | Noticed a large abomination
 13490 | D:12     | Escaped the Abyss
 13517 | D:12     | Noticed a boulder beetle
 13574 | D:12     | Killed a boulder beetle
 13702 | D:12     | Reached XP level 13. HP: 67/108 MP: 18/18
 14424 | D:13     | Identified the +1 leather armour of an ossuary {rC++ Will++
                  | MP-9}
 14573 | Lair:1   | Entered Level 1 of the Lair of Beasts
 14741 | Lair:1   | Received a gift from Okawaru
 14750 | Lair:1   | Noticed an eight-headed hydra
 14760 | Lair:1   | Killed an eight-headed hydra
 14760 | Lair:1   | Received a gift from Okawaru
 14992 | Lair:1   | Received a gift from Okawaru
 15240 | D:9      | Reached skill level 15 in Crossbows
 15461 | Lair:1   | Reached skill level 1 in Spellcasting
 15939 | Lair:2   | Noticed a four-headed hydra
 16033 | Lair:2   | Noticed a seven-headed hydra
 16041 | Lair:2   | Killed a seven-headed hydra
 16041 | Lair:2   | Received a gift from Okawaru
 16375 | Lair:2   | Killed a four-headed hydra
 16446 | Lair:2   | Reached ****** piety under Okawaru
 16512 | Lair:2   | Noticed Maggie
 16519 | Lair:2   | Killed Maggie
 17017 | Lair:3   | Found a staircase to the Snake Pit.
 17256 | Lair:3   | Noticed a seven-headed hydra
 17266 | Lair:3   | Killed a seven-headed hydra
 17267 | Lair:3   | Reached XP level 14. HP: 75/116 MP: 20/20
 17364 | Lair:3   | Reached skill level 5 in Dodging
 18166 | Lair:3   | Found a staircase to the Swamp.
 18642 | Lair:3   | Received a gift from Okawaru
 20054 | Lair:5   | Reached skill level 10 in Armour
 20246 | Lair:5   | Noticed Josephine
 20311 | Lair:5   | Killed Josephine
 20608 | Lair:5   | Identified the +5 flail of Gallantry {protect, *Corrode Fly
                  | Int+8}
 20825 | Lair:5   | Found a sacrificial altar of Ru.
 20985 | Lair:6   | Entered Level 6 of the Lair of Beasts
 21083 | Lair:6   | Reached XP level 15. HP: 121/124 MP: 21/21
 21134 | Lair:6   | Reached skill level 16 in Crossbows
 21172 | Lair:6   | Identified the +2 robe of inmateoo's True Grit {Dex+2}
                  | (Okawaru gifted it to you on level 6 of the Lair of Beasts)
 21172 | Lair:6   | Received a gift from Okawaru
 22461 | Lair:6   | Got Ujor's Tome of Glacial Attacks
 23101 | Lair:6   | Found a runed translucent gate.
 23102 | Lair:6   | Found a runed translucent gate.
 23807 | Lair:6   | Found a runed translucent gate.
 23814 | Lair:6   | Noticed inmateoo's ghost (journeyman DrNe)
 24423 | Lair:6   | Found a staircase to the Slime Pits.
 24489 | Lair:6   | Received a gift from Okawaru
 24974 | D:13     | Found Vitodolu's Distillery.
 24979 | D:13     | Bought a potion of heal wounds for 85 gold pieces
 24979 | D:13     | Bought a potion of invisibility for 136 gold pieces
 24979 | D:13     | Bought a potion of resistance for 170 gold pieces
 24979 | D:13     | Bought a potion of curing for 51 gold pieces
 24979 | D:13     | Bought a potion of ambrosia for 136 gold pieces
 25037 | D:13     | Reached skill level 15 in Fighting
 25037 | D:13     | Reached skill level 17 in Crossbows
 25390 | D:13     | You fall into a shaft and drop 1 floor!
 25987 | D:13     | Noticed Kirke
 26098 | D:14     | Found Zusokkem's Armour Boutique.
 26709 | D:14     | Cast into level 2 of the Abyss (a wizard)
 26715 | Abyss:2  | Found a corrupted altar of Lugonu.
 26759 | Abyss:2  | Found a corrupted altar of Lugonu.
 26815 | Abyss:2  | Received a gift from Okawaru
 26839 | Abyss:2  | Reached XP level 16. HP: 51/136 MP: 0/22
 26880 | Abyss:2  | Collided with a rock wall

Illustrated notes

Levels and vault maps discovered:
D:1:      sevenhm_arrival_forest_fort_small_5, layout_basic, minmay_heptomino_w4
D:2:      layout_basic, serial_bayou, serial_bayou_shore_a, serial_bayou_pond_a,
          serial_bayou_pond_b, serial_bayou_pond_d,
          ebering_ecumenical_altar_abandoned
D:3:      layout_basic, lemuel_doored_altar, ebering_ghost_sewer_f,
          uniq_terence, uniq_grinder
D:4:      layout_rooms
D:5:      layout_basic, nzn_wu_jian_council_hall, mainiacjoe_overflow_big_doors,
          kennysheep_nub, minmay_liquid_box
D:6:      layout_basic, okawaru_altar_gauntlet_db, gammafunk_ghost_necromancy
D:7:      layout_cave_pods, mainiacjoe_overflow_cross_hatched,
          minmay_temple_entry_tees, ebering_ghost_disaster_area, kennysheep_dice
D:8:      minmay_the_grid_octo_tiled_octocenter
          [minmay_the_grid_octo_vomiting_pacman,
          minmay_the_grid_octo_tetromino_candy, minmay_the_grid_octo_toaster,
          minmay_the_grid_octo_shrine, minmay_the_grid_octo_prize_big_c,
          minmay_the_grid_square_5x5_intrusive_squares,
          minmay_the_grid_square_5x5_n, minmay_the_grid_square_5x5_checkered,
          minmay_the_grid_square_5x5_two], layout_loops_ring,
          mainiacjoe_overflow_small_starburst, minmay_mini_ossuary
D:9:      layout_rooms, lemuel_tele_altar, mainiacjoe_overflow_boulevard,
          erik_lair_island
D:10:     layout_basic, nicolae_overflow_hidden_temple, serial_shops,
          nicolae_shop_competitors_out_of_business, nicolae_water_bricks
D:11:     minmay_recursive_quarters, layout_long_grid, serial_glass,
          glass_columns_c, glass_columns_b, minmay_strange_pillars,
          minmay_strange_pillars, due_unseen_surprise, item_on_display_a
D:12:     layout_roguey, hangedman_decor_peaks_small, minmay_misc_feat_five
D:13:     layout_loops_corners, serial_shops, shop_statue, uniq_kirke
D:14:     nzn_winding_woodlands_cross [nzn_winding_woodlands_5x15_sawtooth,
          nzn_winding_woodlands_5x15_eye, nzn_winding_woodlands_5x15_default,
          nzn_winding_woodlands_5x15_pathside_ponds,
          nzn_winding_woodlands_15x15_boxy_spiral], layout_small_grid,
          lightli_vaults_fourway_checkpoint, hex_tiny, serial_shops, shop
Lair:1:   wad_woods_minihive, layout_small_grid, grunt_forest_small_clearings
Lair:2:   layout_cave_pods, chequers_serial_rivers_micro_c, lemuel_fruit_fields,
          lemuel_fruit_fields, uniq_maggie
Lair:3:   pond_and_an_island_with_a_cottage, layout_loops_ring,
          minmay_swamp_entry_worms, guppyfry_snake_entry_garden,
          nicolae_quartered_pool_super
Lair:4:   layout_hall_layers, minivault_11
Lair:5:   layout_regular_city, lemuel_centaur_altar, minmay_lair_oklob_chamber,
          uniq_josephine
Lair:6:   minmay_lair_end_frog_pond, layout_regular_city,
          minmay_slime_entry_oklob_open, gammafunk_ghost_split,
          serial_bayou_pond_e, hangedman_lair_generics_rect
Abyss:2:  base: D:5, base: Lair:2, abyss_greek_temple,
          hangedman_abyss_overflow_altar, hangedman_shadowy_showcase

Skill      XL: |  1  2  3  4  5  6  7  8  9 10 11 12 13 14 15 |
---------------+----------------------------------------------+-----
Dodging        | 2 3 4 7 |  7.0
Armour         | 1 2 3 5 6 8 10 | 10.0
Fighting       | 3 4 5 6 7 11 12 13 15 | 15.0
Crossbows      | 5 7 10 12 13 14 15 17 | 17.5
Shields        | 1 4 |  4.0
Invocations    | 3 4 5 6 8 |  8.0
Axes           | 3 4 |  4.0
Spellcasting   | 2 4 |  4.0
Stealth        | |  1.2

Action                   |  1- 3 |  4- 6 |  7- 9 | 10-12 | 13-15 | 16-18 || total
-------------------------+-------+-------+-------+-------+-------+-------++-------
Melee: Short sword       |     5 |   104 |       |       |       |       ||   109
       Quarterstaff      |       |    63 |   188 |       |       |       ||   251
       Hand axe          |       |       |     4 |    85 |   335 |    19 ||   443
 Fire: Hand crossbow     |    75 |    35 |    91 |   503 |  1371 |       ||  2075
Throw: Throwing net      |       |       |     1 |       |       |       ||     1
 Cast: Apportation       |       |       |       |       |     9 |       ||     9
Invok: Heroism           |       |       |       |     2 |    26 |     1 ||    29
       Finesse           |       |       |       |       |     2 |     1 ||     3
 Abil: Dig               |       |     1 |     1 |     1 |     6 |       ||     9
Evoke: Wand              |       |       |     7 |     2 |    15 |       ||    24
       Phantom mirror    |       |       |       |       |     2 |       ||     2
       Phial of floods   |       |       |       |       |     1 |       ||     1
  Use: Scroll            |       |     8 |     3 |    11 |    11 |       ||    33
       Potion            |       |       |       |     2 |     7 |     5 ||    14
 Stab: Sleeping          |       |     6 |       |       |       |       ||     6
       Paralysed         |       |       |       |       |     7 |       ||     7
Armor: Leather armour    |    15 |    51 |    51 |       |       |       ||   117
       Ring mail         |       |       |    49 |    13 |       |       ||    62
       Skin              |       |       |       |    59 |       |       ||    59
       Steam dragon scal |       |       |       |    21 |       |       ||    21
       Troll leather arm |       |       |       |    16 |   376 |       ||   392
Dodge: Dodged            |    32 |   110 |   167 |   127 |   853 |     8 ||  1297
Block: Buckler           |       |       |    29 |    73 |   339 |     2 ||   443
